[Event "*** Titled Tuesday Blitz"]
[Site "Chess.com"]
[Date "2021.03.02"]
[Round "9"]
[White "Savagelittlemole"]
[Black "LionTheLeon_06"]
[Result "0-1"]
[WhiteElo "2517"]
[BlackElo "2705"]
[TimeControl "180+1"]
[EndTime "11:48:21 PST"]
[Termination "LionTheLeon_06 won on time"]

1. e4 c5 2. Ne2 b6 3. g3 Bb7 4.
Bg2 f5 5. Nbc3 fxe4 6. Nxe4 d5 7.
Ng5 e5 8. Ne6 Qe7 9. Nxf8 Qxf8 10. Nc3 Nf6 11. O-O Nbd7 12. Nb5 Kf7 13. c4 Rd8 14. Nc7 Qd6 15. Nxd5 Nxd5 16. cxd5 Nf6 17. f4 Bxd5 18. fxe5 Qxe5 19. Bxd5+ Qxd5 20. Qf3 Rhe8 21. Qxd5+ Rxd5 22. b3 Re2 23. Rf2 Re1+ 24. Rf1 Re6 25.
Rf2 Kg6 26. d3 Rxd3 27. Bb2 Rde3 28. Raf1 Re2 29. Bxf6 gxf6 30. Kg2 Rxf2+ 31. Rxf2 Rd6 32. Kf3 Rd4 33. Ke3 Kf7 34. h4 Ke6 35. Re2 h5 36. Kf3+ Kf7 37. Ke3 Rg4 38. Kf3 c4 39. bxc4 Rxc4 40.
Rd2 Ke7 41. Re2+ Kd7 42. Rd2+ Ke6 43. Re2+ Kd6 44. Rd2+ Ke5 45. Rd7 Rc3+ 46. Kf2 Ra3 47. Rd2 Kf5 48. Kg2 Kg6 49. Kf2 b5 50. Kg2 b4 51. Kf2 a5 52. Rb2 Kf5 53. Re2 Kg4 54.
Re4+ Kh3 55. Rf4 Rxa2+ 56. Kf3 b3 57. Rxf6 Rc2 58. Rb6 a4 59. Rb4 b2 0-1

[Event "*** Titled Tuesday Blitz"]
[Site "Chess.com"]
[Date "2021.03.02"]
[Round "9"]
[White "GigaQuparadze"]
[Black "German_Bazeev"]
[Result "0-1"]
[WhiteElo "2944"]
[BlackElo "2754"]
[TimeControl "180+1"]
[EndTime "11:48:22 PST"]
[Termination "German_Bazeev won by resignation"]

1. e4 c6 2. d4 d5 3. Nc3 dxe4 4. Nxe4 Nf6 5. Nxf6+ exf6 6. c3 Bd6 7. Bd3 O-O 8.
Qc2 Re8+ 9. Ne2 h5 10. h3 h4 11. O-O Bc7 12. Bf4 Nd7 13. Rae1 Nf8 14. Bxc7 Qxc7 15.
Nc1 Bd7 16. Nb3 b6 17. Bf5 g6 18. Bxd7 Qxd7 19. Qd2 Qf5 20. Nc1 Ne6 21. Nd3 Ng5 22.
Re3 Re6 23. Rfe1 Rae8 24. Rxe6 Rxe6 25. Rxe6 Qxe6 26. b3 Qxh3 27. Qxg5 Qxd3 28. Qxh4 Kg7 29. c4 Qb1+ 30. Kh2 Qxa2 31. Qg3 Qd2 32. Qh4 a5 33. Qe4 Qxf2 34. d5 cxd5 35. cxd5 Qc5 36. Qd3 Qd6+ 37. Kh1 Kf8 38. Qe4 b5 39. Qd3 a4 40.
Qxb5 a3 41. Qa5 f5 42. b4 a2 43. Qxa2 Qxb4 44. Qa8+ Ke7 45. Qa7+ Kf6 46. Qd7 Qe1+ 47. Kh2 Qh4+ 48. Kg1 Qe1+ 49. Kh2 Qe5+ 50. Kg1 Qe7 51. Qb5 Ke5 52. Qe2+ Kd6 53. Qd2 Qe4 54. Qa5 Qxd5 55. Qb6+ Ke5 56. Qc7+ Kf6 57. Qb6+ Qe6 58. Qd4+ Qe5 59.
Qd8+ Kg7 60. Qd7 f4 61. Kh2 f3+ 62. Kh3 f2 63. Qd1 Qf5+ 64. g4 f1=Q+ 0-1

[Event "*** Titled Tuesday Blitz"]
[Site "Chess.com"]
[Date "2021.03.02"]
[Round "9"]
[White "korkmaz16"]
[Black "PotapovaM"]
[Result "1-0"]
[WhiteElo "2417"]
[BlackElo "2515"]
[TimeControl "180+1"]
[EndTime "11:48:22 PST"]
[Termination "korkmaz16 won by checkmate"]

1. e4 c5 2. Nf3 d6 3. c3 Nf6 4.
Be2 Bg4 5. O-O Nc6 6. d4 cxd4 7. cxd4 e6 8. d5 exd5 9. exd5 Bxf3 10. Bxf3 Ne5 11.
Be2 Be7 12. Nc3 O-O 13. Be3 Re8 14. Qb3 b6 15. Bb5 Rf8 16. f4 Ned7 17. Bc6 Rc8 18.
Bd4 Nb8 19. Bb5 Nbd7 20. Rae1 Nc5 21. Qd1 a6 22. Bc6 Ncd7 23. Qe2 Re8 24. Qxa6 Bf8 25. Rxe8 Nxe8 26. Qd3 Nc5 27. Qf3 Be7 28. b4 Nd7 29. Ne4 Nef6 30. Nc3 Nb8 31. b5 Nbd7 32. g4 Nc5 33. g5 Nfd7 34. h4 f6 35. Ne4 Ra8 36. Bxa8 Qxa8 37. gxf6 gxf6 38. Nxc5 bxc5 39.
Qg4+ Kf8 40. Qxd7 cxd4 41. Re1 Qd8 42. Qxd8+ Bxd8 43. Kf2 Bb6 44. f5 h5 45. Kf3 Kf7 46.
Ke4 Ke7 47. Rd1 Kd7 48. Rxd4 Bc5 49. Ra4 Bb6 50. Ra6 Bc5 51. a4 Kc8 52. a5 Kb7 53.
Rc6 Kb8 54. a6 Ka7 55. Rc7+ Kb6 56. Rb7+ Ka5 57. a7 Bxa7 58. Rxa7+ Kb6 59. Rd7 Kc5 60. b6 Kc4 61. Rxd6 Kc5 62. Rxf6 Kc4 63. b7 Kc5 64. b8=Q Kc4 65. Qb2 Kc5 66. Qd4+ Kb5 67. Rb6+ Ka5 68. Qb4# 1-0

[Event "*** Titled Tuesday Blitz"]
[Site "Chess.com"]
[Date "2021.03.02"]
[Round "9"]
[White "dhaessel"]
[Black "LubovMarkelova"]
[Result "0-1"]
[WhiteElo "1960"]
[BlackElo "2208"]
[TimeControl "180+1"]
[EndTime "11:48:24 PST"]
[Termination "LubovMarkelova won on time"]

1. d4 d5 2. c4 c6 3. Nc3 Nf6 4. e3 Bf5 5. cxd5 Nxd5 6. Qb3 Qb6 7. Nxd5 Qxb3 8. axb3 cxd5 9. Nf3 Nc6 10. Be2 e6 11. O-O Bd6 12. Bd2 O-O 13. Rfc1 Rfc8 14. Nh4 Bg6 15.
Nxg6 hxg6 16. Ra4 a6 17. h4 Kf8 18. Kf1 Ke7 19. Ke1 Kd7 20. Bd3 Rc7 21. Ke2 Rac8 22. Raa1 Be7 23. g3 Bd6 24. Rh1 Bb4 25. Bc1 Na5 26. Ra4 Nxb3 27. Rxb4 Nxc1+ 28. Kd2 Nxd3 29. Kxd3 a5 30. Rb5 a4 31. Ra1 Kc6 32. Rc5+ Kd6 33. Rxc7 Rxc7 34. Rxa4 Rc1 35. Ra7 Kc7 36. Ra8 Rf1 37. Ke2 Rb1 38. Rf8 Rxb2+ 39. Ke1 Kd6 40. Rxf7 b5 41. Rxg7 b4 42. Rb7 b3 43. g4 Rb1+ 44. Ke2 b2 45. h5 gxh5 46. gxh5 Kc6 47.
Rb8 Kc7 48. Rb3 Rh1 49. Rxb2 Rxh5 50. Kf3 Kd6 51. Kg4 Rf5 52. f4 Ke7 53. Rb7+ Kf6 54. Rb8 Ke7 55. Rg8 Rf7 56. Kg5 Rh7 57. Kg4 Rh1 58. Rg5 Re1 59. Re5 Rg1+ 60. Kf3 Kf6 61. Kf2 Rh1 62. Kg2 Ra1 63. Rg5 Re1 64. Kf3 Rf1+ 65.
Ke2 Ra1 66. Rg8 Ra2+ 67. Kf3 Ra3 68. Rb8 Rc3 69. Rf8+ Ke7 70. Rg8 Kf7 71. Rg5 Kf6 72. Re5 Rc1 0-1

[Event "*** Titled Tuesday Blitz"]
[Site "Chess.com"]
[Date "2021.03.02"]
[Round "9"]
[White "blitis"]
[Black "vinniethepooh"]
[Result "1-0"]
[WhiteElo "2570"]
[BlackElo "2697"]
[TimeControl "180+1"]
[EndTime "11:48:25 PST"]
[Termination "blitis won by resignation"]

1. e4 c5 2. Nf3 d6 3. d4 cxd4 4.
Nxd4 Nf6 5. f3 e5 6. Bb5+ Nbd7 7. Nf5 d5 8. exd5 a6 9. Ba4 b5 10. Bb3 Nc5 11. Ne3 Bb7 12. c4 Nxb3 13. axb3 Bc5 14.
O-O Qb6 15. Qe2 O-O 16. Nc3 Rfe8 17. Ne4 Bd4 18. Kh1 Rac8 19. Nf5 g6 20. Nfd6 Nxe4 21. Nxc8 Nf2+ 22. Qxf2 Rxc8 23. Qe2 bxc4 24. bxc4 Qb3 25.
Ra3 Qxc4 26. Qxc4 Rxc4 27. d6 Rc6 28. Be3 Rxd6 29. Rd1 Rb6 30. Bxd4 exd4 31. Rd2 Bd5 32. Rad3 Be6 33. Rxd4 Rb5 34. Ra4 a5 35. h3 Kg7 36.
Kh2 Bb3 37. Rad4 Be6 38. Re4 Rb3 39. Rde2 Rb5 40. Re5 Rxe5 41. Rxe5 a4 42. Ra5 Bb3 43. Ra6 Kf8 44. Kg3 Ke7 45. Kf4 h6 46. Ke5 Bc2 47.
Ra7+ Ke8 48. Kf6 Bb3 49. Re7+ Kf8 50. Ra7 Ke8 51. h4 h5 52. g4 Kd8 53. gxh5 gxh5 54. Rxf7 Bxf7 55. Kxf7 Kd7 56. Kg6 Ke6 57. f4 Kd5 58. f5 Kc4 59. f6 Kb3 60. f7 Kxb2 61. f8=Q a3 62. Qxa3+ Kxa3 63. Kxh5 1-0

[Event "*** Titled Tuesday Blitz"]
[Site "Chess.com"]
[Date "2021.03.02"]
[Round "9"]
[White "SlavenPastar"]
[Black "PavelChernomordik"]
[Result "1-0"]
[WhiteElo "2567"]
[BlackElo "2370"]
[TimeControl "180+1"]
[EndTime "11:48:25 PST"]
[Termination "SlavenPastar won by resignation"]

1. b3 g6 2. Bb2 Nf6 3. e3 Bg7 4. f4 O-O 5. Nf3 d6 6. Be2 e5 7.
fxe5 Ng4 8. O-O Nxe5 9. Nxe5 dxe5 10. e4 Nc6 11. Bc4 Qe7 12. Nc3 Nd4 13. Nd5 Qd8 14. c3 Ne6 15. Ba3 Re8 16. Qf3 Ng5 17. Qe3 h6 18. Rf2 c6 19. h4 cxd5 20. exd5 Nh3+ 21.
gxh3 Qxh4 22. d6 Be6 23. Raf1 Bxc4 24. bxc4 f5 25. c5 e4 26. Rg2 Kh7 27. Qg3 Qf6 28. h4 h5 29. Qg5 Qxg5 30. hxg5 e3 31. dxe3 Rxe3 32. Rd1 Rd8 33. Bb4 Rd7 34. Kf2 f4 35. Re1 Bxc3 36. Bxc3 Rxc3 37. Rgg1 Kg7 38. Re4 Rxc5 39.
Rd1 Rf5 40. Re6 f3 41. Rc1 Kf7 42. Re3 Rxd6 43. Rc7+ Kf8 44. Ree7 Rd2+ 45. Kg3 f2 46. Rh7 Ke8 47. Rh8+ Rf8 48. Rc8+ Rd8 49. Rxd8+ Kxd8 50. Rxf8+ Ke7 51. Rxf2 Kd6 52. Rf6+ Kc5 53. Rxg6 Kb4 54. Rg7 b5 55. Rxa7 Kc4 56. g6 1-0

[Event "*** Titled Tuesday Blitz"]
[Site "Chess.com"]
[Date "2021.03.02"]
[Round "9"]
[White "Mikedannnn"]
[Black "Mihnea2017"]
[Result "1/2-1/2"]
[WhiteElo "2569"]
[BlackElo "2462"]
[TimeControl "180+1"]
[EndTime "11:48:26 PST"]
[Termination "Game drawn by stalemate"]

1. e4 d6 2. d4 Nf6 3. Nc3 g6 4.
f4 Bg7 5. Nf3 c5 6. dxc5 Qa5 7.
Bd3 Qxc5 8. Qe2 Nc6 9. Be3 Qa5 10. O-O Bg4 11. Kh1 O-O 12. a3 Rac8 13. Rad1 a6 14. h3 Bxf3 15. gxf3 b5 16. Nd5 Nxd5 17. exd5 Nd4 18. Bxd4 Bxd4 19. Bxg6 fxg6 20. Rxd4 Qc7 21. c3 Rf7 22. Re4 Rcf8 23. f5 Rxf5 24. Rxe7 Qc8 25. Qe6+ Qxe6 26. dxe6 Rxf3 27. Rxf3 Rxf3 28. Rd7 Re3 29.
Rxd6 a5 30. Kg2 Kf8 31. Kf2 Rxh3 32. Rd7 Ke8 33. Rb7 Rh2+ 34. Ke3 Rxb2 35. Rxh7 b4 36.
axb4 axb4 37. c4 Rb1 38. c5 b3 39. c6 b2 40. c7 Rc1 41. Rh8+ Ke7 42. Rb8 Rxc7 43.
Rxb2 Kxe6 44. Kf3 Rc3+ 45. Kg4 Kf6 46. Rb6+ Kg7 47. Kg5 Rc5+ 48. Kg4 Kh6 49. Rb8 Rc4+ 50. Kg3 Kh5 51. Rb5+ g5 52. Rb8 Rc3+ 53. Kg2 Kh4 54. Rb4+ g4 55. Rb8 Rc2+ 56. Kg1 Rc3 57. Kg2 Rc2+ 58.
Kg1 Re2 59. Rb7 Kg5 60. Rb4 Kh4 61. Rb8 Re5 62. Kg2 Re2+ 63. Kg1 Kg3 64. Rb3+ Kf4 65. Rb4+ Kf3 66. Rb3+ Re3 67. Rxe3+ Kxe3 68. Kg2 Kf4 69.
Kf2 g3+ 70. Kg2 Kg4 71. Kg1 Kh3 72. Kh1 Kh4 73. Kg2 Kg4 74. Kg1 Kf3 75. Kf1 Ke3 76. Kg2 Kf4 77. Kg1 Kf3 78. Kf1 g2+ 79. Kg1 Kg3 1/2-1/2

[Event "*** Titled Tuesday Blitz"]
[Site "Chess.com"]
[Date "2021.03.02"]
[Round "9"]
[White "FredyMatsuura"]
[Black "volunteers1998"]
[Result "1-0"]
[WhiteElo "2326"]
[BlackElo "2172"]
[TimeControl "180+1"]
[EndTime "11:48:27 PST"]
[Termination "FredyMatsuura won on time"]

1. d4 f5 2. g3 g6 3. Bg2 Nf6 4. h4 Bg7 5. Nh3 O-O 6. Nf4 d6 7. d5 Qe8 8. h5 g5 9. h6 Bh8 10. Nh3 g4 11. Nf4 e5 12. dxe6 Nc6 13. Nc3 Bxe6 14.
Nxe6 Qxe6 15. Nd5 Qd7 16. Qd2 Rae8 17. Qg5+ Kf7 18. Bd2 Rg8 19. Qf4 Ne5 20. O-O-O c6 21. Ne3 d5 22. Qxf5 Qxf5 23. Nxf5 Kg6 24. Nd6 Re7 25.
Bb4 Rd7 26. e4 dxe4 27. Nxe4 Rxd1+ 28. Kxd1 Rd8+ 29. Kc1 Nf3 30. Nxf6 Bxf6 31. Bxf3 gxf3 32. Bd2 Bxb2+ 33. Kxb2 Rxd2 34. Rh2 Re2 35. Kc3 c5 36. a4 a6 37. a5 Kf6 38. Kd3 Ke6 39. c3 Kd6 40.
Kc4 Kc6 41. Rh5 b5+ 42. axb6 Kxb6 43. Rf5 Rxf2 44. Rf6+ Kc7 45. Rf7+ Kd6 46. Rxh7 Rg2 47.
Rf7 Rxg3 48. Rf6+ Ke7 49. Rf4 Rh3 50. Kxc5 Rxh6 51. Rxf3 Kd7 52. Rf7+ Kc8 53. c4 Rh5+ 54. Kc6 Rh6+ 55. Kc5 Rh5+ 56. Kb6 Rh6+ 57. Ka5 Rh5+ 58. Kb4 Rc5 59. Kxc5 a5 60. Kc6 1-0

[Event "*** Titled Tuesday Blitz"]
[Site "Chess.com"]
[Date "2021.03.02"]
[Round "9"]
[White "FlySooHigh"]
[Black "VitaRasik"]
[Result "1-0"]
[WhiteElo "2695"]
[BlackElo "2543"]
[TimeControl "180+1"]
[EndTime "11:48:28 PST"]
[Termination "FlySooHigh won by checkmate"]

1. e4 d6 2. d4 g6 3. Nc3 Bg7 4. Bg5 Nd7 5. Qd2 c5 6. Nf3 cxd4 7.
Nxd4 a6 8. O-O-O Ngf6 9. Bh6 O-O 10. f3 Qa5 11. Kb1 Bxh6 12. Qxh6 Qh5 13. Qd2 Ne5 14. h4 Nc6 15. g4 Qe5 16. Nb3 Be6 17.
h5 Bxb3 18. axb3 g5 19. h6 e6 20. Ne2 Rfd8 21. f4 Qxe4 22. fxg5 Nxg4 23. Ng3 Qe3 24. Nh5 Qxd2 25. Rxd2 Nce5 26. Bh3 Ne3 27. Nf6+ Kh8 28. Re1 Nd5 29. Nxd5 exd5 30. Rxd5 Nf3 31. Re7 Ne5 32. Rxb7 a5 33. Bf5 Kg8 34. c3 Ra6 35.
Rdb5 a4 36. Rb8 Ra8 37. Rxd8+ Rxd8 38. bxa4 Nf3 39. Be4 Nd2+ 40. Kc2 Nxe4 41. b4 Nc5 42. bxc5 d5 43. Kd3 f6 44. gxf6 Kf7 45. Rb7+ Kxf6 46.
Rxh7 Kg6 47. Rc7 Kxh6 48. Kd4 Kg5 49. a5 Kf5 50. a6 Ke6 51. a7 Ra8 52. Rb7 Kf6 53.
Kxd5 Kf5 54. Kc6 Ke4 55. Rc7 Kd3 56. Kb7 Re8 57. a8=Q Rxa8 58. Kxa8 Kxc3 59. c6 Kb4 60. Rc8 Kc5 61. Kb7 Kd6 62. c7 Kc5 63. Rd8 Kb5 64.
c8=Q Kb4 65. Rd4+ Kb3 66. Qc4+ Kb2 67. Rd2+ Kb1 68. Qc2+ Ka1 69. Qb2# 1-0

[Event "*** Titled Tuesday Blitz"]
[Site "Chess.com"]
[Date "2021.03.02"]
[Round "9"]
[White "ChessWarrior7197"]
[Black "swisspower96"]
[Result "1-0"]
[WhiteElo "2904"]
[BlackElo "2675"]
[TimeControl "180+1"]
[EndTime "11:48:29 PST"]
[Termination "ChessWarrior7197 won by resignation"]

1. Nf3 d5 2. g3 Nf6 3. Bg2 c5 4. O-O e6 5. b3 Nc6 6. Bb2 Be7 7. c4 d4 8. e3 e5 9. exd4 exd4 10. Re1 O-O 11.
d3 Bd6 12. a3 a5 13. Bc1 h6 14. Ra2 Bf5 15. h3 Qd7 16. g4 Bh7 17. Rae2 Ne8 18. Nh4 Nc7 19. Be4 Ne6 20. Nf5 Bf4 21. h4 Qc7 22. Nd2 Ne5 23. Bd5 Nxd3 24. Rf1 Rae8 25. Be4 Nxc1 26. Qxc1 g6 27. Ng3 Bxg3 28. fxg3 Qxg3+ 29. Rg2 Qe3+ 30. Kh2 Nf4 31. Rf3 Nxg2 32. Rxe3 Nxe3 33.
Qg1 Kh8 34. g5 f5 35. gxf6 Rxf6 36. Qg3 Ref8 37. Kg1 Bg8 38. Qe5 Be6 39. Qxc5 Kg8 40. Qxd4 Ng4 41. Bxb7 Bf5 42. Bd5+ Kg7 43. c5 Re8 44.
Nf3 Ne3 45. Bc6 Re7 46. Qd8 Ref7 47. Be8 Rf8 48. Qe7+ Kh8 49. Ne5 Re6 50. Nf7+ Kg7 51. Qc7 Rfxe8 52. Nd6+ R8e7 53. Qd8 Nd5 54. Nxf5+ gxf5 55. Qxd5 Rg6+ 56. Kf2 Re4 57. c6 Rf4+ 58. Ke3 Re4+ 59.
Kf3 Rge6 60. c7 Kf6 61. Qd8+ Kg6 62. Qg8+ Kh5 63. Qxe6 Rxe6 64. c8=Q 1-0

[Event "*** Titled Tuesday Blitz"]
[Site "Chess.com"]
[Date "2021.03.02"]
[Round "9"]
[White "lamomiablanca"]
[Black "Fy_Rakotomaharo"]
[Result "1-0"]
[WhiteElo "2389"]
[BlackElo "2710"]
[TimeControl "180+1"]
[EndTime "11:48:29 PST"]
[Termination "lamomiablanca won on time"]

1. e4 e5 2. Nf3 Nc6 3. Nc3 g6 4. d4 exd4 5. Nxd4 Bg7 6. Be3 Nge7 7.
Qd2 O-O 8. O-O-O d6 9. h4 h5 10. Be2 a6 11. Kb1 b5 12. Nxc6 Nxc6 13. Bh6 Ne5 14. Bxg7 Kxg7 15. f4 Ng4 16. Bf3 Rb8 17. Nd5 Be6 18. Qc3+ Nf6 19. Nxc7 Rc8 20. Nxe6+ fxe6 21. Qd4 Qc7 22. Rd2 Rfd8 23. Rhd1 e5 24. fxe5 dxe5 25.
Qxd8 Rxd8 26. Rxd8 Qc5 27. a3 a5 28. Rb8 b4 29.
axb4 axb4 30. Rdd8 Qg1+ 31. Ka2 Qa7+ 32. Kb1 Qg1+ 33.
Ka2 Qa7+ 34. Kb1 Qc7 35. Rbc8 Qb7 36. Rb8 Qe7 37. Rdc8 Qd6 38. Rb7+ Nd7 39. Rcc7 Kf6 40. Rxd7 Qc5 41. Rf7+ Ke6 42. Rbe7+ Kd6 43. Rd7+ Ke6 44. Be2 Qg1+ 45. Ka2 Qc5 46. Kb3 Qe3+ 47. Bd3 g5 48.
Kxb4 Qb6+ 49. Kc3 Qa5+ 50. Kb3 Qb6+ 51. Ka2 Qa5+ 52. Kb1 Qe1+ 53. Ka2 Qa5+ 54. Kb3 Qb6+ 55. Kc3 Qa5+ 56. b4 Qa3+ 57. Kd2 Qxb4+ 58. Ke2 gxh4 59. Rc7 Kd6 60. Bc4 1-0

[Event "*** Titled Tuesday Blitz"]
[Site "Chess.com"]
[Date "2021.03.02"]
[Round "9"]
[White "Chesspirate_Channel"]
[Black "ShahMatKanal"]
[Result "0-1"]
[WhiteElo "2357"]
[BlackElo "2495"]
[TimeControl "180+1"]
[EndTime "11:48:29 PST"]
[Termination "ShahMatKanal won by resignation"]

1. d4 d5 2. Nc3 Nf6 3. Bg5 c6 4. f3 h6 5. Bh4 Bf5 6. Qd2 Nbd7 7. O-O-O Qa5 8. Kb1 e6 9. e4 Bh7 10. Nxd5 Qxd2 11. Nxf6+ gxf6 12. Rxd2 f5 13. e5 h5 14. f4 Bh6 15. Ne2 b5 16. g3 Nb6 17.
Bg2 Rc8 18. b3 Nd5 19. c4 bxc4 20. bxc4 Ne3 21. Bf3 Nxc4 22. Rc2 Na3+ 23. Kb2 Nxc2 24. Kxc2 c5 25. d5 exd5 26. Bxd5 O-O 27. Nc3 Rfe8 28. Re1 Rb8 29. Nd1 Bf8 30. Ne3 Be7 31. Bc6 Rec8 32. Bxe7 Rxc6 33. Nd5 Ra6 34. Ra1 Kg7 35.
Bf6+ Kh6 36. a3 Ra4 37. Kc3 Bg6 38. Ne7 c4 39. Nd5 Rb3+ 40. Kd4 Rd3+ 41. Kc5 Ra5+ 42. Kxc4 Raxd5 43. Rb1 R3d4+ 44. Kc3 Rd3+ 45. Kc4 R5d4+ 46. Kc5 Rd8 47. Bxd8 Rxd8 48. Rb7 Rd2 49. Rxa7 Rc2+ 50. Kd6 Rxh2 51. a4 Rd2+ 52. Ke7 Rd3 53. a5 Rxg3 54. a6 Ra3 55. Kd6 h4 56. Ra8 Kg7 57. a7 h3 58.
Kc7 h2 59. Kb7 h1=Q+ 60. Kb8 Rb3+ 61. Kc8 Qxa8+ 62. Kc7 Qxa7+ 0-1

[Event "*** Titled Tuesday Blitz"]
[Site "Chess.com"]
[Date "2021.03.02"]
[Round "9"]
[White "Artem_Koval"]
[Black "Taktikmonster"]
[Result "0-1"]
[WhiteElo "2234"]
[BlackElo "2371"]
[TimeControl "180+1"]
[EndTime "11:48:29 PST"]
[Termination "Taktikmonster won on time"]

1. d4 Nf6 2. Bf4 e6 3. e3 c5 4.
c3 cxd4 5. exd4 b6 6. Nd2 Bb7 7. Ngf3 Be7 8. h3 d6 9. Bd3 O-O 10. O-O Nbd7 11. Re1 Qc7 12. a4 a6 13. Bh2 Rfe8 14. Qe2 Nf8 15. Ne4 Nxe4 16. Bxe4 Bxe4 17. Qxe4 Ng6 18. a5 b5 19. h4 Bf6 20. h5 Ne7 21.
Qf4 Red8 22. h6 Nd5 23. Qg4 g6 24. Ng5 Qe7 25. Ne4 Bh8 26. Qg3 Qf8 27. Nxd6 Qxh6 28.
Ne4 Rac8 29. Qf3 b4 30. Nd6 Rc7 31. c4 Nf6 32. Nf5 gxf5 33. Bxc7 Rc8 34. Bf4 Qh5 35. Qb3 Ng4 36. Rad1 Rd8 37. d5 e5 38. Bg3 f4 39.
c5 Bf6 40. c6 fxg3 41. Qxg3 Bh4 42. Qh3 Bxf2+ 43. Kh1 Qxh3+ 44. gxh3 Bxe1 45. c7 Rf8 46. Rxe1 Nf6 47. d6 Nd7 48. Rc1 Rc8 49. Rc6 e4 50. Rxa6 f5 51. Kg2 Kf7 52. Ra7 Ke6 53. Ra6 f4 54. Kf2 Kd5 55. Ke2 Nc5 56. Rb6 b3 57. Rb5 Kxd6 58. Rb6+ Kxc7 59. Rh6 f3+ 60. Kf2 Rf8 61.
Rxh7+ Kc6 62. a6 e3+ 63. Kxe3 f2 0-1

[Event "*** Titled Tuesday Blitz"]
[Site "Chess.com"]
[Date "2021.03.02"]
[Round "9"]
[White "oogee"]
[Black "Arkady_Gitelson"]
[Result "1-0"]
[WhiteElo "2405"]
[BlackElo "2541"]
[TimeControl "180+1"]
[EndTime "11:48:30 PST"]
[Termination "oogee won on time"]

1. d4 Nf6 2. c4 g6 3. Nc3 Bg7 4. e4 d6 5. Nf3 O-O 6. Be2 Nbd7 7. O-O e5 8. Qc2 c6 9. Rd1 Qc7 10. b4 exd4 11. Nxd4 a5 12. b5 Nc5 13. Bf4 Rd8 14. Nf3 Nh5 15. b6 Qe7 16. Bg5 f6 17. Be3 Re8 18. Nd2 Qe5 19. Nf3 Qe7 20. Nd2 f5 21. Bxh5 gxh5 22. exf5 Qf6 23. Nce4 Nxe4 24. Nxe4 Qxf5 25.
f3 Bxa1 26. Rxa1 d5 27. cxd5 cxd5 28. Qb3 Be6 29. Ng3 Qe5 30. Re1 d4 31. Qb2 Bc4 32. Bf2 Qb5 33. Qxd4 Rxe1+ 34. Bxe1 Re8 35. Kf2 Qd5 36.
Qxd5+ Bxd5 37. Nxh5 Kf7 38. Bxa5 Bxa2 39. Nf4 Bc4 40.
Bb4 Ra8 41. Bd6 Ra2+ 42. Kg3 Rb2 43. Bc7 Kf6 44. Nh5+ Ke7 45. Kh3 Bf1 46. Nf4 Kd7 47. Kg3 Kc6 48. h4 Kd7 49. Kh2 h5 50. Kg1 Rb1 51. Nxh5 Bd3+ 52. Kh2 Rb2 53. Nf4 Bg6 54. Kh3 Bf5+ 55. g4 Bc2 56. h5 Bd1 57. Kg3 Rb3 58. g5 Rxf3+ 59. Kg2 Rc3 60. h6 Bc2 61. g6 Be4+ 62.
Kh2 Rc5 63. h7 Bxg6 64. h8=Q 1-0

[Event "*** Titled Tuesday Blitz"]
[Site "Chess.com"]
[Date "2021.03.02"]
[Round "9"]
[White "albi1999"]
[Black "jens1102"]
[Result "1-0"]
[WhiteElo "2585"]
[BlackElo "2423"]
[TimeControl "180+1"]
[EndTime "11:48:30 PST"]
[Termination "albi1999 won by resignation"]

1. Nf3 d5 2. g3 c6 3. Bg2 Bg4 4. h3 Bxf3 5. Bxf3 Nf6 6. O-O e5 7. Bg2 Nbd7 8. d3 Bc5 9. Nd2 h5 10. e4 a5 11. Qe2 a4 12. Nf3 dxe4 13. dxe4 Qb6 14. c3 Qa6 15. Qc2 O-O 16. Ng5 Rad8 17. Bd2 Nb6 18. Rad1 Qe2 19. Bf3 Qd3 20. Qxd3 Rxd3 21.
Bc1 Rfd8 22. Kg2 Nc4 23. Be2 Rxd1 24. Rxd1 Rxd1 25. Bxd1 b5 26. Kf3 Kf8 27. Ke2 Ke7 28. b3 Nb6 29. f3 Nfd7 30. h4 f6 31. Nh3 Nf8 32. Nf2 Bxf2 33. Kxf2 Ne6 34. Ke3 Kd6 35. f4 c5 36. f5 Nd8 37. Bxh5 axb3 38. axb3 Nc6 39. Bd1 b4 40. Bd2 bxc3 41. Bxc3 Nd4 42. g4 Nd7 43. g5 Ke7 44. Kd3 Nb8 45. Kc4 Nd7 46. Kd5 Ke8 47. Kd6 Kd8 48. g6 Ke8 49.
h5 Nf8 50. h6 gxh6 51. g7 Nb5+ 52. Kxc5 Nxc3 53. g8=Q Nxd1 54. Kd6 Ne3 55. b4 Nc2 56. Qc4 Nd4 57. b5 h5 58. b6 Nd7 59. Qc8+ Kf7 60.
Qxd7+ Kg8 61. b7 Nb5+ 62. Qxb5 1-0

[Event "*** Titled Tuesday Blitz"]
[Site "Chess.com"]
[Date "2021.03.02"]
[Round "9"]
[White "NikolaGry"]
[Black "grunbergmihai"]
[Result "1/2-1/2"]
[WhiteElo "2599"]
[BlackElo "2487"]
[TimeControl "180+1"]
[EndTime "11:48:34 PST"]
[Termination "Game drawn - insufficient material"]

1. b3 e5 2. Bb2 Nc6 3. c4 Nf6 4. e3 a5 5. a3 Be7 6. d3 O-O 7. Nd2 d6 8. Ngf3 Bg4 9. Be2 Qd7 10. O-O h6 11. Rc1 Rfe8 12. Re1 Rad8 13. Qc2 Bf8 14.
Nf1 Bh5 15. Ng3 Bg6 16. e4 b6 17. Bc3 Nh5 18. b4 axb4 19. axb4 Nf4 20. Bf1 h5 21.
Ra1 Ra8 22. Rxa8 Rxa8 23. b5 Nd8 24. d4 exd4 25. Nxd4 h4 26. Ngf5 Nde6 27. g3 hxg3 28. hxg3 Nxd4 29. Nxd4 Ne6 30. Nf5 Nc5 31. g4 Bxf5 32.
exf5 Re8 33. Rxe8 Qxe8 34. Bg2 Be7 35. Bd4 Bf6 36. Be3 Qe5 37. g5 Qa1+ 38. Kh2 Bd4 39. Qe2 Bxe3 40. Qxe3 Qe5+ 41. Qxe5 dxe5 42. Kg3 f6 43.
Bd5+ Kf8 44. f4 exf4+ 45. Kxf4 Ke7 46. Kg4 Nd3 47. gxf6+ Kxf6 48. Be6 Nc5 49. Bd5 Nd3 50. Bg8 Ne5+ 51. Kf4 Nd7 52. Be6 Nc5 53. Bd5 Nd7 54. Be6 g5+ 55. fxg6 Kxe6 56. g7 Kf7 57. Ke4 Nf6+ 58.
Ke5 Kxg7 59. Ke6 Kg6 60. Ke7 Kf5 61. Kd8 Ke5 62. Kxc7 Kd4 63. Kxb6 Kxc4 64. Kc6 Nd5 65. b6 Nxb6 1/2-1/2

[Event "*** Titled Tuesday Blitz"]
[Site "Chess.com"]
[Date "2021.03.02"]
[Round "9"]
[White "Zkid"]
[Black "EvgenyT"]
[Result "1-0"]
[WhiteElo "2851"]
[BlackElo "2911"]
[TimeControl "180+1"]
[EndTime "11:48:41 PST"]
[Termination "Zkid won by resignation"]

1. e4 e5 2. Nf3 Nc6 3. Bc4 Bc5 4.
O-O Nf6 5. d3 O-O 6. h3 d6 7. c3 a6 8. a4 Ba7 9. Re1 Ne7 10.
Nbd2 Ng6 11. Nf1 c6 12. Ng3 h6 13. Be3 Bxe3 14. Rxe3 d5 15. Bb3 Re8 16. d4 Nxe4 17. Nxe4 dxe4 18. Nxe5 Nxe5 19. dxe5 Bf5 20. Qh5 g6 21.
Qxh6 Rxe5 22. Rd1 Qe7 23. Qf4 Re8 24. g4 Bc8 25. Rd4 Kg7 26. Bc2 f5 27. gxf5 Bxf5 28. Rg3 Rh8 29. Kg2 Rh4 30. Qe3 Qf6 31. Bb3 Re8 32. Qd2 Reh8 33. Rd6 Qe5 34. Rd8 Rxd8 35. Qxd8 Rh8 36. Qb6 Qe7 37. Qd4+ Qf6 38. Qb4 b5 39. Qc5 Rf8 40. a5 Bd7 41. Bd1 Bf5 42. Be2 Rd8 43. Bg4 e3 44. Qxe3 Rd3 45. Qa7+ Rd7 46. Qc5 Be4+ 47.
Bf3 Bxf3+ 48. Rxf3 Qe6 49. Re3 Qf6 50. Qe5 Qxe5 51.
Rxe5 Kf6 52. Rc5 Rd6 53. b4 Ke6 54. Kg3 Kf6 55. Kg4 Ke6 56. f4 Kf7 57. f5 gxf5+ 58. Rxf5+ Kg6 59. Rc5 Re6 60. h4 Re4+ 61. Kf3 Re6 62. Kf4 Rd6 63. Ke5 Rf6 64. h5+ Kg5 65. Kd4+ Kg4 66. Re5 Kf4 67. Re1 Rd6+ 68. Kc5 Rd5+ 69. Kxc6 Rxh5 70. Kb7 Rh6 71. Re7 Kf3 72. Rc7 Ke3 73. Rc6 Rh7+ 74. Kxa6 1-0

[Event "*** Titled Tuesday Blitz"]
[Site "Chess.com"]
[Date "2021.03.02"]
[Round "9"]
[White "c_r_e_e_p_e_r"]
[Black "andriipalchuk"]
[Result "0-1"]
[WhiteElo "2415"]
[BlackElo "2544"]
[TimeControl "180+1"]
[EndTime "11:48:42 PST"]
[Termination "andriipalchuk won on time"]

1. c4 Nf6 2. Nc3 e6 3. e4 d5 4. e5 d4 5. exf6 dxc3 6. bxc3 Qxf6 7. d4 b6 8. Nf3 Bb7 9. Be2 Nd7 10. O-O h6 11.
Be3 Be7 12. Nd2 O-O 13. f4 c5 14. Bf3 Bxf3 15. Qxf3 Qg6 16. Ne4 Rfd8 17. Ng3 Nf8 18. f5 exf5 19. Nxf5 Bf6 20. Nxh6+ gxh6 21. Qxf6 Rd6 22.
Qf3 Re8 23. Bf4 Rde6 24. d5 Re4 25. Qd3 Rxf4 26. Qd2 Rxc4 27. Rf3 Nd7 28. h3 Ne5 29. Rf2 Rh4 30. Kh1 Rd8 31. Raf1 Qg7 32. Qd1 Ng6 33. Qf3 Rf4 34. Qd3 Rxf2 35. Rxf2 Qe5 36. c4 Kg7 37. Rf3 Rd7 38. Qf1 Qg5 39. Rf5 Qe3 40. Rf3 Qd4 41. Kh2 b5 42. cxb5 Qxd5 43. Rg3 Qxa2 44. h4 Qd5 45. Qf3 Qxf3 46. gxf3 Kf6 47. h5 Nf4 48. Rg8 Nxh5 49. Ra8 Rb7 50. Rc8 Rxb5 51. Rc6+ Kg7 52. Rc7 Nf6 53. Rxa7 Rb2+ 54.
Kg3 c4 55. Rc7 Rc2 56. Rc5 c3 57. Kf4 Rc1 58. Ke3 c2 59. Kd2 Rf1 60. Kxc2 Rxf3 61.
Rb5 h5 62. Rg5+ Kh6 63. Rg1 h4 64. Kd2 Rg3 65. Rh1 Kg5 66. Ke2 Ng4 67. Kf1 f5 68.
Ke2 h3 69. Kf1 Kh4 70. Ke2 h2 71. Kf1 Kh3 72. Ke2 Kg2 0-1